 Dungeon Crawl Stone Soup version 0.30-a0-728-gc68057be0a (webtiles) character file.

Game seed: 14354893861054741756

224 browni3141 the Digger (level 6, -4/43 HPs)
             Began as a Human Earth Elementalist on Jan 30, 2023.
             Slain by a kobold brigand
             ... wielding a +0 whip
              (7 damage)
             ... in a sewer.
             The game lasted 00:06:17 (3750 turns).

browni3141 the Digger (Human Earth Elementalist)    Turns: 3750, Time: 00:06:18

Health: -4/43      AC:  4    Str:  8      XL:     6   Next: 20%
Magic:  9/9        EV: 11    Int: 17      God:
Gold:   126        SH:  0    Dex: 13 (14) Spells: 3/9 levels left

rFire   + . .      SeeInvis .    c - +2 dagger (protect)
rCold   + + .      Faith    .    (no shield)
rNeg    . . .      Spirit   .    g - +0 leather armour
rPois   +          Reflect  .    (helmet restricted)
rElec   +          Harm     .    f - +0 cloak
rCorr   +          Rampage  .    (no gloves)
Will    .....                    (no boots)
Stlth   ++                       (no amulet)
HPRegen 0.27/turn                i - ring of poison resistance
MPRegen 0.11/turn                (no ring)

@: resistant, attractive
A: horns 1, cold resistance 1
a: no special abilities


You were in a sewer.
You visited 1 branch of the dungeon, and saw 4 of its levels.
You also visited: Sewer.

You collected 126 gold pieces.

Inventory:

Hand Weapons
 c - a +2 dagger of protection (weapon)
 d - a +2 short sword of holy wrath
Armour
 a - a +0 robe
 f - a +0 cloak (worn)
 g - a +0 leather armour (worn)
Jewellery
 i - a ring of poison resistance (left hand)
Scrolls
 e - a scroll of blinking {unknown}
 h - 2 scrolls of poison
 j - a scroll of immolation {unknown}
 m - a scroll of noise {unknown}
 p - a scroll of fog
 q - a scroll of teleportation {unknown}
Potions
 l - 2 potions of mutation


   Skills:
 - Level 1.0 Fighting
 - Level 2.0 Dodging
 - Level 2.0 Stealth
 - Level 2.0 Spellcasting
 - Level 3.0 Transmutations
 * Level 5.6 Earth Magic


You had 3 spell levels left.
You knew the following spells:

 Your Spells              Type           Power      Damage    Failure   Level
a - Sandblast             Erth           40%        2d10      2%          1
b - Passwall              Tmut/Erth      13%        N/A       8%          2
c - Stone Arrow           Conj/Erth      22%        3d8       26%         3

Your spell library contained the following spells:

 Spells                   Type           Power      Damage    Failure   Level
 Gell's Gravitas          Tloc           1%         N/A       63%         3
 Teleport Other           Tloc           1%         N/A       63%         3
 Petrify                  Tmut/Erth      16%        N/A       43%         4
 Dispersal                Tloc           0%         N/A       100%        6


Dungeon Overview and Level Annotations

Branches:
Dungeon (4/15)              Sewer (1/1)
 Temple: D:4-7

Altars:
Xom

Shops:
D:1 (=((


Innate Abilities, Weirdness & Mutations

You have a pair of small horns on your head.
Your flesh is cold resistant. (rC+)


Message History

It was a potion of mutation.
You feel extremely strange. A pair of horns grows on your head!
You feel resistant to cold. The quasit misses you.
The quasit claws you but does no damage.
The quasit misses you. The kobold hits you but does no damage.
The kobold brigand hits you with a +0 whip.
* * * LOW HITPOINT WARNING * * *
It was a potion of curing.
You feel better.
The quasit bites you but does no damage.
The quasit misses you. The quasit barely misses you.
The quasit bites you but does no damage.
The quasit claws you but does no damage. x2
The kobold brigand barely misses you.
The kobold splashes around in the water.
Okay, then.
Unknown command.
Okay, then.
It was a potion of attraction.
You feel attractive to monsters. The quasit barely misses you.
The quasit claws you but does no damage. x2
The kobold closely misses you.
The kobold brigand hits you with a +0 whip.
* * * LOW HITPOINT WARNING * * *
It was a potion of resistance.
You feel protected. The quasit closely misses you.
The quasit claws you but does no damage. x2
The kobold barely misses you.
The kobold brigand hits you with a +0 whip.
* * * LOW HITPOINT WARNING * * *
Magic courses through your body. The quasit bites you.
* * * LOW HITPOINT WARNING * * *
You feel clumsy. The quasit claws you.
* * * LOW HITPOINT WARNING * * *
The quasit misses you. The kobold barely misses you. The quasit misses you. x2
The quasit claws you but does no damage.
The kobold brigand hits you with a +0 whip!
You die...

#≈≈≈≈≈≈#.).≈≈≈≈≈≈≈#≈
#≈≈≈≈≈≈#...#≈≈≈≈≈≈#
#≈≈≈≈≈~≈...#≈≈≈≈≈≈#
#≈≈≈≈≈≈#.))#≈≈≈≈≈≈#
#≈≈≈≈≈≈#...≈~≈≈≈≈≈#
#≈≈≈≈≈.#...#≈≈≈≈≈≈#
#≈§§§~...≈...~~~≈~#
#§KK§§.#≈≈≈#..~~~~#
#§5@§..#≈≈≈#......#
#§#######≈#######+#
#..K5.K#...
#~~~≈~~.....~
#≈~~≈≈≈#...#≈
#########'#### .# K.
.


You could see a kobold brigand, a quasit and a kobold.

Vanquished Creatures
  A hound (D:4)
  An orc wizard (D:4)
  5 adders
  3 ufetubi (Sewer)
  4 worms
  3 dart slugs
  2 orcs (D:4)
  5 endoplasms
  8 giant cockroaches
  5 goblins
  4 hobgoblins
  4 jackals (D:3)
  12 kobolds
  5 quokkas
  6 ball pythons
  5 bats
  5 frilled lizards
  2 giant cockroach zombies (Sewer)
  6 rats
86 creatures vanquished.

Vanquished Creatures (others)
  A giant cockroach zombie (Sewer)
1 creature vanquished.

Grand Total: 87 creatures vanquished

Notes
Turn   | Place    | Note
-------+----------+-------------------------------------------
     0 | D:1      | browni3141 the Human Earth Elementalist began the quest for
                  | the Orb.
     0 | D:1      | Reached XP level 1. HP: 13/13 MP: 3/3
    20 | D:1      | Found Zenasuis's Weapon Emporium.
   230 | D:1      | Reached skill level 1 in Fighting
   282 | D:1      | Reached XP level 2. HP: 6/21 MP: 0/5
   416 | D:1      | Found Xexawei's Weapon Emporium.
   704 | D:1      | Found Ciyrgh's Jewellery Boutique.
   724 | D:1      | Reached XP level 3. HP: 26/26 MP: 4/6
   752 | D:1      | Found Riffomon's Antique Weapon Emporium.
  1618 | D:2      | Learned a level 2 spell: Passwall
  1622 | D:2      | Learned a level 3 spell: Stone Arrow
  1790 | D:2      | Reached XP level 4. HP: 32/32 MP: 4/7
  2413 | D:3      | Found a faded altar of an unknown god.
  2493 | D:3      | Reached skill level 4 in Earth Magic
  2584 | D:3      | Found a shimmering altar of Xom.
  3170 | D:4      | Reached XP level 5. HP: 35/37 MP: 5/8
  3340 | D:4      | Reached skill level 5 in Earth Magic
  3421 | D:4      | Reached XP level 6. HP: 38/43 MP: 4/9
  3425 | D:4      | Found a glowing drain.
  3503 | Sewer    | Entered a sewer
  3746 | Sewer    | Gained mutation: You have a pair of small horns on your
                  | head. [potion of mutation]
  3746 | Sewer    | Gained mutation: Your flesh is cold resistant. (rC+)
                  | [potion of mutation]
  3750 | Sewer    | Slain by a kobold brigand

Illustrated notes

Levels and vault maps discovered:
D:1:      ncdulo_halloftheorcs, layout_loops_corners, serial_shops, shop,
          nicolae_shop_advertising_works [nicolae_subvault_shop_adworks],
          nicolae_shop_hallway_plus, nicolae_shop_trees
D:2:      layout_loops_cross
D:3:      layout_loops_corners, old_standard_altar,
          shapermc_ecumenical_altar_starsandcircs, serial_forest,
          infiniplex_forest_join, infiniplex_forest_side_room,
          infiniplex_forest_clump_diagonal, infiniplex_forest_straight_2,
          infiniplex_forest_lined_2, infiniplex_forest_lined_3_way
D:4:      layout_loops_ring, portal_sewer_entry_f
Sewer:    kennysheep_sewer_church

Skill      XL: |  1  2  3  4  5 |
---------------+----------------+-----
Fighting       | 1 |  1.0
Transmutations | 2 3 |  3.0
Earth Magic    | 4 5 |  5.6
Dodging        | |  2.0
Stealth        | |  2.0
Spellcasting   | |  2.0

Action                     |  1- 3 |  4- 6 || total
---------------------------+-------+-------++-------
  Melee: Unarmed           |     1 |       ||     1
         Dagger            |     5 |    45 ||    50
   Cast: Sandblast         |    57 |    84 ||   141
    Use: Scroll            |       |     2 ||     2
         Potion            |       |     5 ||     5
   Stab: Sleeping          |       |     1 ||     1
 Armour: Robe              |    10 |       ||    10
         Leather armour    |     1 |    93 ||    94
  Dodge: Dodged            |    26 |    91 ||   117

Table legend: (Time is in decaauts)
 A = Elapsed time spent in this place.
 B = Non-inter-level travel time spent in this place.
 C = Inter-level travel time spent in this place.
 D = Time resting spent in this place.
 E = Time spent auto-exploring this place.
 F = Levels seen in this place.
 G = Mean time per level.
                   A        B        C        D        E       F      G
               +--------+--------+--------+--------+--------+-----+--------+
         Total |   3822 |   3702 |    120 |    150 |   2782 |   5 |  764.4 |
       Dungeon |   3559 |   3439 |    120 |    150 |   2610 |   4 |  889.8 |
         Sewer |    263 |    263 |      0 |      0 |    172 |   1 |  263.0 |
               +--------+--------+--------+--------+--------+-----+--------+

Top non-repeatable levels by time:
     D:1: 1354 daAuts
     D:3: 1036 daAuts
     D:2: 787 daAuts
     D:4: 380 daAuts
   Sewer: 263 daAuts
